Workbook

Sheet RUBROS
A3: CDP | B3: RUBRO | C3: DESCRIPCIÓN | D3: RECURSO | E3: FUENTE – SITUACIÓN | F3: PRESUPUESTO CDP | G3: ANEXO | H3: PRESUPUESTO OFICIAL | I3: PRESUPUESTO NO COMPROMETIDO AJUSTE DE CANTIDADES | J3: ANEXO No. 1 - 2 - 3 Y 4 | K3: ANEXO No. 5 ($155.000.000) | L3: ANEXO No. 6 ($174.000.000) | M3: ANEXO No. 7
A4: 10526 | B4: A-02-02-02-009-002 | C4: SERVICIOS DE EDUCACIÓN | D4: 20 | E4: PROPIOS CSF | F4: 241489314 | G4: 5 y 7 | H4: =+K4+M4 -> 2.4147576e+08 | I4: =+F4-H4 -> 13551.81 | K4: =+ANALISIS!V11+ANALISIS!V12+ANALISIS!V13+ANALISIS!V14+ANALISIS!V15+ANALISIS!V16+ANALISIS!V17+ANALISIS!V18+ANALISIS!V19+ANALISIS!V20+ANALISIS!V21+ANALISIS!V22+ANALISIS!V23+ANALISIS!V24+ANALISIS!V25+ANALISIS!V26+ANALISIS!V27+ANALISIS!V28+ANALISIS!V29+ANALISIS!V30+ANALISIS!V31+ANALISIS!V32+ANALISIS!V33+ANALISIS!V34 -> 1.5430884e+08 | M4: =+ANALISIS!V56+ANALISIS!V72+ANALISIS!V77+ANALISIS!V79+ANALISIS!V80+ANALISIS!V92+ANALISIS!V93+ANALISIS!V94 -> 87166917
A5: 10526 | B5: A-02-02-02-009-003 | C5: SERVICIOS PARA EL CUIDADO DE LA SALUD HUMANA Y SERVICIOS SOCIALES | D5: 20 | E5: PROPIOS CSF | F5: 198759269 | G5: 6 y 7 | H5: =+L5+M5 -> 1.9851674e+08 | I5: =+F5-H5 -> 242531.67 | L5: =+ANALISIS!V35+ANALISIS!V36+ANALISIS!V37+ANALISIS!V38+ANALISIS!V39+ANALISIS!V40+ANALISIS!V41+ANALISIS!V42+ANALISIS!V43+ANALISIS!V44+ANALISIS!V45 -> 1.0171963e+08 | M5: =+ANALISIS!V46+ANALISIS!V47+ANALISIS!V48+ANALISIS!V49+ANALISIS!V50+ANALISIS!V51+ANALISIS!V52+ANALISIS!V53+ANALISIS!V54+ANALISIS!V55+ANALISIS!V57+ANALISIS!V58+ANALISIS!V59+ANALISIS!V60+ANALISIS!V61+ANALISIS!V62+ANALISIS!V63+ANALISIS!V64+ANALISIS!V65+ANALISIS!V66+ANALISIS!V67+ANALISIS!V68+ANALISIS!V69+ANALISIS!V74+ANALISIS!V87 -> 96797107
A6: 10526 | B6: A-02-02-02-009-006 | C6: SERVICIOS RECREATIVOS, CULTURALES Y DEPORTIVOS | D6: 20 | E6: PROPIOS CSF | F6: 420284146 | G6: 7 | H6: =+M6 -> 4.1930497e+08 | I6: =+F6-H6 -> 979176.43 | M6: =+ANALISIS!V70+ANALISIS!V71+ANALISIS!V73+ANALISIS!V75+ANALISIS!V76+ANALISIS!V78+ANALISIS!V81+ANALISIS!V82+ANALISIS!V83+ANALISIS!V84+ANALISIS!V85+ANALISIS!V86+ANALISIS!V88+ANALISIS!V89+ANALISIS!V90+ANALISIS!V91+ANALISIS!V95+ANALISIS!V96+ANALISIS!V97+ANALISIS!V98+ANALISIS!V99+ANALISIS!V100 -> 4.1930497e+08
A7: 10526 | B7: A-03-04-02-037 | C7: BIENESTAR SOCIAL AFILIADOS DE LA CAJA DE RETIRO DE LAS FUERZAS MILITARES Y LA CAJA DE SUELDOS DE RETIRO DE LA POLICÍA NACIONAL, DECRETOS 2002 Y 2003 DE 1984 (NO DE PENSIONES) | D7: 20 | E7: PROPIOS CSF | F7: 203686182 | G7: 1 - 2 - 3 y 4 | H7: =+J7 -> 1.8200115e+08 | I7: =+F7-H7 -> 21685032 | J7: =+ANALISIS!V5+ANALISIS!V6+ANALISIS!V7+ANALISIS!V8+ANALISIS!V9 -> 1.8200115e+08
A8: TOTAL | F8: =SUM(F4:F7) -> 1064218911 | H8: =SUM(H4:H7) -> 1.0412986e+09 | I8: =SUM(I4:I7) -> 22920292

Sheet ANALISIS
K3: CAJA DE COMPENSACIÓN FAMILIAR COMFACUNDI | N3: CAJA DE COMPENSACIÓN FAMILIAR COMPENSAR
B4: ÍTEM | C4: RUBRO | D4: ANEXO | E4: PRODUCTO | F4: UNIDAD DE MEDIDA | G4: NECESIDAD TOTAL | H4: PROYECTADA A ADQUIRIR | I4: DÉFICIT Y/O LIMITACIÓN | J4: % DÉFICIT Y/O LIMITACIÓN | K4: VALOR UNITARIO ANTES DE IVA | L4: VALOR IVA | M4: VALOR TOTAL INCLUIDO IVA | N4: VALOR UNITARIO ANTES DE IVA | O4: VALOR IVA | P4: VALOR TOTAL INCLUIDO IVA | Q4: MENOR VALOR | R4: MAYOR VALOR | S4: MEDIANA | T4: PRECIO DE REFERENCIA | U4: PRECIO DE REFERENCIA VALOR UNITARIO INCLUIDO IVA (Según Aplique) | V4: PRECIO DE REFERENCIA VALOR TOTAL INCLUIDO IVA (Según Aplique)
B5: 1 | C5: A-03-04-02-037 | D5: ANEXO No. 01 | E5: Capacitación Virtual | F5: VALOR GLOBAL 10 horas Certificadas para 50 personas | G5: 1 | H5: 1 | I5: =+G5-H5 -> 0 | J5: =+I5/G5 -> 0 | K5: 8500000 | L5: =+K5*19% -> 1615000 | M5: =+K5+L5 -> 10115000 | N5: 8747136 | O5: =+N5*19% -> 1661955.8 | P5: =+N5+O5 -> 10409092 | Q5: =MIN(M5,P5) -> 10115000 | R5: =MAX(M5,P5) -> 10409092 | S5: =AVERAGE(M5,P5) -> 10262046 | T5: =+S5 -> 10262046 | U5: =+ROUND(T5/G5,2) -> 10262046 | V5: =+U5*H5 -> 10262046
B6: 2 | C6: A-03-04-02-037 | D6: ANEXO No. 01 | E6: Foro de Emprendimiento, Innovación y Sostenibilidad para Veteranos del Sector Defensa: Resiliencia, Responsabilidad Social, Unión de Agremiaciones y Construcción de Proyectos de Vida | F6: VALOR GLOBAL 4 horas para 50 personas | G6: 1 | H6: 1 | I6: =+G6-H6 -> 0 | J6: =+I6/G6 -> 0 | K6: 26000000 | L6: =+K6*19% -> 4940000 | M6: =+K6+L6 -> 30940000 | N6: 28074816 | O6: =+N6*19% -> 5334215 | P6: =+N6+O6 -> 33409031 | Q6: =MIN(M6,P6) -> 30940000 | R6: =MAX(M6,P6) -> 33409031 | S6: =AVERAGE(M6,P6) -> 32174516 | T6: =+S6 -> 32174516 | U6: =+ROUND(T6/G6,2) -> 32174516 | V6: =+U6*H6 -> 32174516
B7: 3 | C7: A-03-04-02-037 | D7: ANEXO No. 02 | E7: Encuentros Presenciales | F7: Valor Global | G7: 3 | H7: 1 | I7: =+G7-H7 -> 2 | J7: =+I7/G7 -> 0.66666667 | K7: 140000000 | L7: =+K7*19% -> 26600000 | M7: =+K7+L7 -> 166600000 | N7: 142712000 | O7: =+N7*19% -> 27115280 | P7: =+N7+O7 -> 169827280 | Q7: =MIN(M7,P7) -> 166600000 | R7: =MAX(M7,P7) -> 169827280 | S7: =AVERAGE(M7,P7) -> 168213640 | T7: =+S7 -> 168213640 | U7: =+ROUND(T7/G7,2) -> 56071213 | V7: =+U7*H7 -> 56071213
B8: 4 | C8: A-03-04-02-037 | D8: ANEXO No. 03 | E8: Transmisión Encuentro Virtual | F8: Valor Global | G8: 1 | H8: 1 | I8: =+G8-H8 -> 0 | J8: =+I8/G8 -> 0 | K8: 21000000 | L8: =+K8*19% -> 3990000 | M8: =+K8+L8 -> 24990000 | N8: 18325000 | O8: =+N8*19% -> 3481750 | P8: =+N8+O8 -> 21806750 | Q8: =MIN(M8,P8) -> 21806750 | R8: =MAX(M8,P8) -> 24990000 | S8: =AVERAGE(M8,P8) -> 23398375 | T8: =+S8 -> 23398375 | U8: =+ROUND(T8/G8,2) -> 23398375 | V8: =+U8*H8 -> 23398375
B9: 5 | C9: A-03-04-02-037 | D9: ANEXO No. 04 | E9: Conmemoración Día del Veterano Virtual Bogotá | F9: Valor Global | G9: 1 | H9: 1 | I9: =+G9-H9 -> 0 | J9: =+I9/G9 -> 0 | K9: 27000000 | L9: =+K9*19% -> 5130000 | M9: =+K9+L9 -> 32130000 | N9: 74000000 | O9: =+N9*19% -> 14060000 | P9: =+N9+O9 -> 88060000 | Q9: =MIN(M9,P9) -> 32130000 | R9: =MAX(M9,P9) -> 88060000 | S9: =AVERAGE(M9,P9) -> 60095000 | T9: =+S9 -> 60095000 | U9: =+ROUND(T9/G9,2) -> 60095000 | V9: =+U9*H9 -> 60095000
K10: CAJA DE COMPENSACIÓN FAMILIAR COMPENSAR | N10: CAJA DE COMPENSACIÓN FAMILIAR CAFAM
B11: 6 (*) | C11: A-02-02-02-009-002 | D11: ANEXO No. 05 | E11: Plataforma e-learnig | F11: 140 Hasta 360 (Capacidad del E-Learning) | G11: Dominios de la plataforma en la vigencia 2026 | H11: Dominios de la plataforma en la vigencia 2026 | I11: 0 | J11: 0 | K11: 0 | L11: 0 | M11: =+K11+L11 -> 0 | N11: 3680000 | O11: 0 | P11: 3680000 | Q11: =MIN(M11,P11) -> 0 | R11: =MAX(M11,P11) -> 3680000 | S11: =AVERAGE(M11,P11) -> 1840000 | T11: =+S11 -> 1840000 | U11: =+T11 -> 1840000 | V11: =+U11 -> 1840000
B12: 7 | C12: A-02-02-02-009-002 | D12: ANEXO No. 05 | E12: Manejo de herramientas tecnológicas | F12: 30 PERSONAS | G12: 4 | H12: 4 | I12: =+G12-H12 -> 0 | J12: =+I12/G12 -> 0 | K12: 7188852 | L12: 0 | M12: 7188852 | N12: 3680000 | O12: 0 | P12: 3680000 | Q12: =MIN(M12,P12) -> 3680000 | R12: =MAX(M12,P12) -> 7188852 | S12: =AVERAGE(M12,P12) -> 5434426 | T12: =+S12 -> 5434426 | U12: =ROUND(T12/G12,2) -> 1358606.5 | V12: =+U12*H12 -> 5434426
B13: 8 | C13: A-02-02-02-009-002 | D13: ANEXO No. 05 | E13: Gamificación e innovación educativa | F13: 30 PERSONAS | G13: 4 | H13: 4 | I13: =+G13-H13 -> 0 | J13: =+I13/G13 -> 0 | K13: 7188852 | L13: 0 | M13: 7188852 | N13: 3680000 | O13: 0 | P13: 3680000 | Q13: =MIN(M13,P13) -> 3680000 | R13: =MAX(M13,P13) -> 7188852 | S13: =AVERAGE(M13,P13) -> 5434426 | T13: =+S13 -> 5434426 | U13: =ROUND(T13/G13,2) -> 1358606.5 | V13: =+U13*H13 -> 5434426
B14: 9 | C14: A-02-02-02-009-002 | D14: ANEXO No. 05 | E14: Phyton aplicados para análisis de textos | F14: 30 PERSONAS | G14: 2 | H14: 2 | I14: =+G14-H14 -> 0 | J14: =+I14/G14 -> 0 | K14: 5700612 | L14: 0 | M14: 5700612 | N14: 1913600 | O14: 0 | P14: 1913600 | Q14: =MIN(M14,P14) -> 1913600 | R14: =MAX(M14,P14) -> 5700612 | S14: =AVERAGE(M14,P14) -> 3807106 | T14: =+S14 -> 3807106 | U14: =ROUND(T14/G14,2) -> 1903553 | V14: =+U14*H14 -> 3807106
B15: 10 | C15: A-02-02-02-009-002 | D15: ANEXO No. 05 | E15: Supervisión de contratos | F15: 30 PERSONAS | G15: 4 | H15: 4 | I15: =+G15-H15 -> 0 | J15: =+I15/G15 -> 0 | K15: 6743892 | L15: 0 | M15: 6743892 | N15: 3680000 | O15: 0 | P15: 3680000 | Q15: =MIN(M15,P15) -> 3680000 | R15: =MAX(M15,P15) -> 6743892 | S15: =AVERAGE(M15,P15) -> 5211946 | T15: =+S15 -> 5211946 | U15: =ROUND(T15/G15,2) -> 1302986.5 | V15: =+U15*H15 -> 5211946
B16: 11 | C16: A-02-02-02-009-002 | D16: ANEXO No. 05 | E16: Arquitectura empresarial (Gestión del Conocimiento e Innovación) | F16: 30 PERSONAS | G16: 4 | H16: 4 | I16: =+G16-H16 -> 0 | J16: =+I16/G16 -> 0 | K16: 7188852 | L16: 0 | M16: 7188852 | N16: 3680000 | O16: 0 | P16: 3680000 | Q16: =MIN(M16,P16) -> 3680000 | R16: =MAX(M16,P16) -> 7188852 | S16: =AVERAGE(M16,P16) -> 5434426 | T16: =+S16 -> 5434426 | U16: =ROUND(T16/G16,2) -> 1358606.5 | V16: =+U16*H16 -> 5434426
B17: 12 | C17: A-02-02-02-009-002 | D17: ANEXO No. 05 | E17: Gestión Ambiental | F17: 50 personas (Taller sincrónico) | G17: 4 | H17: 4 | I17: =+G17-H17 -> 0 | J17: =+I17/G17 -> 0 | K17: 8428692 | L17: 0 | M17: 8428692 | N17: 3680000 | O17: 0 | P17: 3680000 | Q17: =MIN(M17,P17) -> 3680000 | R17: =MAX(M17,P17) -> 8428692 | S17: =AVERAGE(M17,P17) -> 6054346 | T17: =+S17 -> 6054346 | U17: =ROUND(T17/G17,2) -> 1513586.5 | V17: =+U17*H17 -> 6054346
B18: 13 | C18: A-02-02-02-009-002 | D18: ANEXO No. 05 | E18: Cambio climático y Gestión de Riesgos basado en la ISO 31000 | F18: 50 personas (Taller sincrónico) | G18: 2 | H18: 2 | I18: =+G18-H18 -> 0 | J18: =+I18/G18 -> 0 | K18: 7193172 | L18: 0 | M18: 7193172 | N18: 1913600 | O18: 0 | P18: 1913600 | Q18: =MIN(M18,P18) -> 1913600 | R18: =MAX(M18,P18) -> 7193172 | S18: =AVERAGE(M18,P18) -> 4553386 | T18: =+S18 -> 4553386 | U18: =ROUND(T18/G18,2) -> 2276693 | V18: =+U18*H18 -> 4553386
B19: 14 | C19: A-02-02-02-009-002 | D19: ANEXO No. 05 | E19: Enmienda en cambio climático en relación a la ISO 9001 Y 14001 - Aplicación de la enmienda por el cambio climático en la ISO 14001 | F19: 50 personas (Taller sincrónico) | G19: 2 | H19: 2 | I19: =+G19-H19 -> 0 | J19: =+I19/G19 -> 0 | K19: 7193172 | L19: 0 | M19: 7193172 | N19: 1913600 | O19: 0 | P19: 1913600 | Q19: =MIN(M19,P19) -> 1913600 | R19: =MAX(M19,P19) -> 7193172 | S19: =AVERAGE(M19,P19) -> 4553386 | T19: =+S19 -> 4553386 | U19: =ROUND(T19/G19,2) -> 2276693 | V19: =+U19*H19 -> 4553386
B20: 15 | C20: A-02-02-02-009-002 | D20: ANEXO No. 05 | E20: Normas técnicas de Sistemas de Gestión | F20: 20 PERSONAS | G20: 2 | H20: 2 | I20: =+G20-H20 -> 0 | J20: =+I20/G20 -> 0 | K20: 4736532 | L20: 0 | M20: 4736532 | N20: 1913600 | O20: 0 | P20: 1913600 | Q20: =MIN(M20,P20) -> 1913600 | R20: =MAX(M20,P20) -> 4736532 | S20: =AVERAGE(M20,P20) -> 3325066 | T20: =+S20 -> 3325066 | U20: =ROUND(T20/G20,2) -> 1662533 | V20: =+U20*H20 -> 3325066
B21: 16 | C21: A-02-02-02-009-002 | D21: ANEXO No. 05 | E21: Especialización Método BIM | F21: 20 PERSONAS | G21: 4 | H21: 4 | I21: =+G21-H21 -> 0 | J21: =+I21/G21 -> 0 | K21: 5793492 | L21: 0 | M21: 5793492 | N21: 3680000 | O21: 0 | P21: 3680000 | Q21: =MIN(M21,P21) -> 3680000 | R21: =MAX(M21,P21) -> 5793492 | S21: =AVERAGE(M21,P21) -> 4736746 | T21: =+S21 -> 4736746 | U21: =ROUND(T21/G21,2) -> 1184186.5 | V21: =+U21*H21 -> 4736746
B22: 17 | C22: A-02-02-02-009-002 | D22: ANEXO No. 05 | E22: proyectos de inversión | F22: 20 PERSONAS | G22: 2 | H22: 2 | I22: =+G22-H22 -> 0 | J22: =+I22/G22 -> 0 | K22: 4736532 | L22: 0 | M22: 4736532 | N22: 1913600 | O22: 0 | P22: 1913600 | Q22: =MIN(M22,P22) -> 1913600 | R22: =MAX(M22,P22) -> 4736532 | S22: =AVERAGE(M22,P22) -> 3325066 | T22: =+S22 -> 3325066 | U22: =ROUND(T22/G22,2) -> 1662533 | V22: =+U22*H22 -> 3325066
B23: 18 | C23: A-02-02-02-009-002 | D23: ANEXO No. 05 | E23: Certificación modelo EFR 1000-1 | F23: 10 PERSONAS | G23: 3 | H23: 3 | I23: =+G23-H23 -> 0 | J23: =+I23/G23 -> 0 | K23: 4264212 | L23: 0 | M23: 4264212 | N23: 2796800 | O23: 0 | P23: 2796800 | Q23: =MIN(M23,P23) -> 2796800 | R23: =MAX(M23,P23) -> 4264212 | S23: =AVERAGE(M23,P23) -> 3530506 | T23: =+S23 -> 3530506 | U23: =ROUND(T23/G23,2) -> 1176835.3 | V23: =+U23*H23 -> 3530506
... B45: 53 | C45: A-02-02-02-009-003 | D45: ANEXO No. 06 | E45: Taller actividades de Medicina Preventiva | F45: Numero de intervenciones 4 Horas | G45: 4 | H45: 4 | I45: =+G45-H45 -> 0 | J45: =+I45/G45 -> 0 | K45: 605000 | L45: 0 | M45: 2420000 | N45: 3832835 | O45: 0 | P45: 3832835 | Q45: =MIN(M45,P45) -> 2420000 | R45: =MAX(M45,P45) -> 3832835 | S45: =AVERAGE(M45,P45) -> 3126417.5 | T45: =+S45 -> 3126417.5 | U45: =ROUND(T45/G45,2) -> 781604.38 | V45: =+U45*H45 -> 3126417.5
B46: 54 | C46: A-02-02-02-009-003 | D46: ANEXO No. 07 | E46: Taller educativo sobre conceptos de salud mental, identificacion de señales de alerta(estrés, ansiedad, agotamiento). Estrategias de autocuidado. | F46: HASTA 360 PAX 2 HORAS | G46: 2 | H46: 1 | I46: =+G46-H46 -> 1 | J46: =+I46/G46 -> 0.5 | K46: 1140000 | L46: 0 | M46: 2280000 | N46: 12365100 | P46: 12365100 | Q46: =MIN(M46,P46) -> 2280000 | R46: =MAX(M46,P46) -> 12365100 | S46: =AVERAGE(M46,P46) -> 7322550 | T46: =+S46 -> 7322550 | U46: =ROUND(T46/G46,2) -> 3661275 | V46: =+U46*H46 -> 3661275
B47: 55 | C47: A-02-02-02-009-003 | D47: ANEXO No. 07 | E47: Pausas puesto a puesto de técnicas de respiración conciente -Relajación guiada y Mindfulness laboral. | F47: HASTA 360 PAX 4 HORAS | G47: 4 | H47: 1 | I47: =+G47-H47 -> 3 | J47: =+I47/G47 -> 0.75 | K47: 780000 | L47: 0 | M47: 3120000 | N47: 11135620 | P47: 11135620 | Q47: =MIN(M47,P47) -> 3120000 | R47: =MAX(M47,P47) -> 11135620 | S47: =AVERAGE(M47,P47) -> 7127809.8 | T47: =+S47 -> 7127809.8 | U47: =ROUND(T47/G47,2) -> 1781952.5 | V47: =+U47*H47 -> 1781952.5
B48: 56 | C48: A-02-02-02-009-003 | D48: ANEXO No. 07 | E48: Taller de Escritura terapéutica,Arte y emociones. Música y manejo emocional.-con materiales. Taller de Mandalas: Este taller está diseñado para ofrecer una experiencia práctica y relajante a través de la creación de mandalas, un arte que fomenta la concentración, la creatividad y el equilibrio emocional. | F48: HASTA 360 PAX 2 HORAS | G48: 2 | H48: 1 | I48: =+G48-H48 -> 1 | J48: =+I48/G48 -> 0.5 | K48: 4200000 | L48: 0 | M48: 8400000 | N48: 20240880 | P48: 20240880 | Q48: =MIN(M48,P48) -> 8400000 | R48: =MAX(M48,P48) -> 20240880 | S48: =AVERAGE(M48,P48) -> 14320440 | T48: =+S48 -> 14320440 | U48: =ROUND(T48/G48,2) -> 7160220 | V48: =+U48*H48 -> 7160220
B49: 57 | C49: A-02-02-02-009-003 | D49: ANEXO No. 07 | E49: Materiales: Kit de Mandalas. Incluye: *Caja de madera pequeña con tapa en forma de mandala 12*12*5cm *Pincel * Temperas * Papeles con mensajes motivacionales | F49: HASTA 360 PAX | G49: 360 | H49: 67 | I49: =+G49-H49 -> 293 | J49: =+I49/G49 -> 0.81388889 | K49: 40912.8 | L49: 0 | M49: 14728608 | N49: 20240880 | P49: 20240880 | Q49: =MIN(M49,P49) -> 14728608 | R49: =MAX(M49,P49) -> 20240880 | S49: =AVERAGE(M49,P49) -> 17484744 | T49: =+S49 -> 17484744 | U49: =ROUND(T49/G49,2) -> 48568.73 | V49: =+U49*H49 -> 3254104.9
B50: 58 | C50: A-02-02-02-009-003 | D50: ANEXO No. 07 | E50: 1.Taller técnicas de manejo de estrés. | F50: HASTA 360 PAX 4 HORAS | G50: 4 | H50: 1 | I50: =+G50-H50 -> 3 | J50: =+I50/G50 -> 0.75 | K50: 780000 | L50: 0 | M50: 3120000 | N50: 12365100 | P50: 12365100 | Q50: =MIN(M50,P50) -> 3120000 | R50: =MAX(M50,P50) -> 12365100 | S50: =AVERAGE(M50,P50) -> 7742550 | T50: =+S50 -> 7742550 | U50: =ROUND(T50/G50,2) -> 1935637.5 | V50: =+U50*H50 -> 1935637.5
B51: 59 | C51: A-02-02-02-009-003 | D51: ANEXO No. 07 | E51: 2. Taller de regulación emocional. | F51: HASTA 360 PAX 4 HORAS | G51: 4 | H51: 1 | I51: =+G51-H51 -> 3 | J51: =+I51/G51 -> 0.75 | K51: 780000 | L51: 0 | M51: 3120000 | N51: 13335500 | P51: 13335500 | Q51: =MIN(M51,P51) -> 3120000 | R51: =MAX(M51,P51) -> 13335500 | S51: =AVERAGE(M51,P51) -> 8227750 | T51: =+S51 -> 8227750 | U51: =ROUND(T51/G51,2) -> 2056937.5 | V51: =+U51*H51 -> 2056937.5
B52: 60 | C52: A-02-02-02-009-003 | D52: ANEXO No. 07 | E52: 3. Taller de resolución de conflictos. | F52: HASTA 360 PAX 4 HORAS | G52: 4 | H52: 1 | I52: =+G52-H52 -> 3 | J52: =+I52/G52 -> 0.75 | K52: 780000 | L52: 0 | M52: 3120000 | N52: 13335500 | P52: 13335500 | Q52: =MIN(M52,P52) -> 3120000 | R52: =MAX(M52,P52) -> 13335500 | S52: =AVERAGE(M52,P52) -> 8227750 | T52: =+S52 -> 8227750 | U52: =ROUND(T52/G52,2) -> 2056937.5 | V52: =+U52*H52 -> 2056937.5
B53: 61 | C53: A-02-02-02-009-003 | D53: ANEXO No. 07 | E53: 4. liderazgo empatico: manejo de estrés en equipos de trabajo | F53: HASTA 360 PAX 4 HORAS | G53: 4 | H53: 1 | I53: =+G53-H53 -> 3 | J53: =+I53/G53 -> 0.75 | K53: 780000 | L53: 0 | M53: 3120000 | N53: 13335500 | P53: 13335500 | Q53: =MIN(M53,P53) -> 3120000 | R53: =MAX(M53,P53) -> 13335500 | S53: =AVERAGE(M53,P53) -> 8227750 | T53: =+S53 -> 8227750 | U53: =ROUND(T53/G53,2) -> 2056937.5 | V53: =+U53*H53 -> 2056937.5
B54: 62 | C54: A-02-02-02-009-003 | D54: ANEXO No. 07 | E54: 5. Manejo de crisis, Comunicación emocionalmente inteligente. | F54: HASTA 360 PAX 4 HORAS | G54: 4 | H54: 1 | I54: =+G54-H54 -> 3 | J54: =+I54/G54 -> 0.75 | K54: 780000 | L54: 0 | M54: 3120000 | N54: 13335500 | P54: 13335500 | Q54: =MIN(M54,P54) -> 3120000 | R54: =MAX(M54,P54) -> 13335500 | S54: =AVERAGE(M54,P54) -> 8227750 | T54: =+S54 -> 8227750 | U54: =ROUND(T54/G54,2) -> 2056937.5 | V54: =+U54*H54 -> 2056937.5
B55: 63 | C55: A-02-02-02-009-003 | D55: ANEXO No. 07 | E55: 6. Prevención del Sindrome burnout | F55: HASTA 360 PAX 4 HORAS | G55: 4 | H55: 1 | I55: =+G55-H55 -> 3 | J55: =+I55/G55 -> 0.75 | K55: 900000 | L55: 0 | M55: 3600000 | N55: 12365100 | P55: 12365100 | Q55: =MIN(M55,P55) -> 3600000 | R55: =MAX(M55,P55) -> 12365100 | S55: =AVERAGE(M55,P55) -> 7982550 | T55: =+S55 -> 7982550 | U55: =ROUND(T55/G55,2) -> 1995637.5 | V55: =+U55*H55 -> 1995637.5
B56: 64 | C56: A-02-02-02-009-002 | D56: ANEXO No. 07 | E56: Orientación psicológica individual: sesiones de coaching personalizado. | F56: HASTA 61 PAX 4 HORAS POR PAX * PERSONA = 244 HORAS | G56: 244 | H56: 60 | I56: =+G56-H56 -> 184 | J56: =+I56/G56 -> 0.75409836 | K56: 900000 | L56: 0 | M56: 54900000 | N56: 1392600 | P56: 1392600 | Q56: =MIN(M56,P56) -> 1392600 | R56: =MAX(M56,P56) -> 54900000 | S56: =AVERAGE(M56,P56) -> 28146300 | T56: =+S56 -> 28146300 | U56: =+ROUND(T56/G56,2) -> 115353.69 | V56: =+U56*H56 -> 6921221.4
B57: 65 | C57: A-02-02-02-009-003 | D57: ANEXO No. 07 | E57: Circuito de descarga emocional : yoga, musicoterapia, aromaterapia minfudells | F57: HASTA 150 PAX 8 HORAS / 10 Minutos por persona (3 Facilitadoras) | G57: 8 | H57: 2 | I57: =+G57-H57 -> 6 | J57: =+I57/G57 -> 0.75 | K57: 3000000 | L57: 0 | M57: 24000000 | N57: 9717551.9 | P57: 9717551.9 | Q57: =MIN(M57,P57) -> 9717551.9 | R57: =MAX(M57,P57) -> 24000000 | S57: =AVERAGE(M57,P57) -> 16858776 | T57: =+S57 -> 16858776 | U57: =ROUND(T57/G57,2) -> 2107347 | V57: =+U57*H57 -> 4214694
B58: 67 | C58: A-02-02-02-009-003 | D58: ANEXO No. 07 | E58: Circuito de Neuroestimulación - Ambientación Circuito de Neuroestimulación. Incluye: un masajeador de pies, una masajeador de cuellos y un cojín masajeador de espalda | F58: HASTA 150 PAX 8 HORAS / 10 Minutos por persona (3 Facilitadoras) | G58: 8 | H58: 2 | I58: =+G58-H58 -> 6 | J58: =+I58/G58 -> 0.75 | K58: 3000000 | L58: 0 | M58: 24000000 | N58: 29651054 | P58: 29651054 | Q58: =MIN(M58,P58) -> 24000000 | R58: =MAX(M58,P58) -> 29651054 | S58: =AVERAGE(M58,P58) -> 26825527 | T58: =+S58 -> 26825527 | U58: =ROUND(T58/G58,2) -> 3353190.9 | V58: =+U58*H58 -> 6706381.8
B59: 68 | C59: A-02-02-02-009-003 | D59: ANEXO No. 07 | E59: Clase de yoga | F59: HASTA 150 PAX 1 HORA / 20 Minutos por persona | G59: 1 | H59: 1 | I59: =+G59-H59 -> 0 | J59: =+I59/G59 -> 0 | K59: 780000 | L59: 0 | M59: 780000 | N59: 35188800 | P59: 35188800 | Q59: =MIN(M59,P59) -> 780000 | R59: =MAX(M59,P59) -> 35188800 | S59: =AVERAGE(M59,P59) -> 17984400 | T59: =+S59 -> 17984400 | U59: =ROUND(T59/G59,2) -> 17984400 | V59: =+U59*H59 -> 17984400
B60: 69 | C60: A-02-02-02-009-003 | D60: ANEXO No. 07 | E60: Taller meditando fuera del Tibet | F60: HASTA 150 PAX 1 HORA / 20 Minutos por persona | G60: 1 | H60: 1 | I60: =+G60-H60 -> 0 | J60: =+I60/G60 -> 0 | K60: 900000 | L60: 0 | M60: 900000 | N60: 30651054 | P60: 30651054 | Q60: =MIN(M60,P60) -> 900000 | R60: =MAX(M60,P60) -> 30651054 | S60: =AVERAGE(M60,P60) -> 15775527 | T60: =+S60 -> 15775527 | U60: =ROUND(T60/G60,2) -> 15775527 | V60: =+U60*H60 -> 15775527
B61: 70 | C61: A-02-02-02-009-003 | D61: ANEXO No. 07 | E61: Taller la heladeria de la desconexión - carrito de helados y entrega | F61: HASTA 360 PAX | G61: 360 | H61: 67 | I61: =+G61-H61 -> 293 | J61: =+I61/G61 -> 0.81388889 | K61: 84000 | L61: 0 | M61: 30240000 | N61: 30726000 | P61: 30726000 | Q61: =MIN(M61,P61) -> 30240000 | R61: =MAX(M61,P61) -> 30726000 | S61: =AVERAGE(M61,P61) -> 30483000 | T61: =+S61 -> 30483000 | U61: =ROUND(T61/G61,2) -> 84675 | V61: =+U61*H61 -> 5673225
B62: 71 | C62: A-02-02-02-009-003 | D62: ANEXO No. 07 | E62: Taller de Mindfullness | F62: HASTA 30 PAX | G62: 30 | H62: 5 | I62: =+G62-H62 -> 25 | J62: =+I62/G62 -> 0.83333333 | K62: 780000 | L62: 0 | M62: 780000 | N62: 9177500 | P62: 9177500 | Q62: =MIN(M62,P62) -> 780000 | R62: =MAX(M62,P62) -> 9177500 | S62: =AVERAGE(M62,P62) -> 4978750 | T62: =+S62 -> 4978750 | U62: =ROUND(T62/G62,2) -> 165958.33 | V62: =+U62*H62 -> 829791.65
B63: 72 | C63: A-02-02-02-009-003 | D63: ANEXO No. 07 | E63: Kit de Midfullness Incluye: *Bolsa *Vela aromatizánte *Frutos secos *Toalla facial *Burbujero *Aceite *Tarjeta de instrucciones para el fortalecimiento de la salud mental | F63: HASTA 30 PAX | G63: 30 | H63: 5 | I63: =+G63-H63 -> 25 | J63: =+I63/G63 -> 0.83333333 | K63: 60000 | L63: 0 | M63: 1800000 | N63: 4177500 | P63: 4177500 | Q63: =MIN(M63,P63) -> 1800000 | R63: =MAX(M63,P63) -> 4177500 | S63: =AVERAGE(M63,P63) -> 2988750 | T63: =+S63 -> 2988750 | U63: =ROUND(T63/G63,2) -> 99625 | V63: =+U63*H63 -> 498125
B64: 73 | C64: A-02-02-02-009-003 | D64: ANEXO No. 07 | E64: Taller de Emociones (validando un puesto a puesto) | F64: HASTA 360 PAX 4 HORAS | G64: 4 | H64: 2 | I64: =+G64-H64 -> 2 | J64: =+I64/G64 -> 0.5 | K64: 1800000 | L64: 0 | M64: 7200000 | N64: 696300 | P64: 696300 | Q64: =MIN(M64,P64) -> 696300 | R64: =MAX(M64,P64) -> 7200000 | S64: =AVERAGE(M64,P64) -> 3948150 | T64: =+S64 -> 3948150 | U64: =ROUND(T64/G64,2) -> 987037.5 | V64: =+U64*H64 -> 1974075
B65: 74 | C65: A-02-02-02-009-003 | D65: ANEXO No. 07 | E65: Actividades de autocuidado emocional y fisico | F65: HASTA 360 PAX 4 HORAS | G65: 4 | H65: 1 | I65: =+G65-H65 -> 3 | J65: =+I65/G65 -> 0.75 | K65: 780000 | L65: 0 | M65: 3120000 | N65: 12365100 | P65: 12365100 | Q65: =MIN(M65,P65) -> 3120000 | R65: =MAX(M65,P65) -> 12365100 | S65: =AVERAGE(M65,P65) -> 7742550 | T65: =+S65 -> 7742550 | U65: =ROUND(T65/G65,2) -> 1935637.5 | V65: =+U65*H65 -> 1935637.5
B66: 75 | C66: A-02-02-02-009-003 | D66: ANEXO No. 07 | E66: Campaña lúdica de " hablar es bienestar" puesto a puesto. | F66: HASTA 360 PAX 4 HORAS | G66: 4 | H66: 1 | I66: =+G66-H66 -> 3 | J66: =+I66/G66 -> 0.75 | K66: 780000 | L66: 0 | M66: 3120000 | N66: 9825527 | P66: 9825527 | Q66: =MIN(M66,P66) -> 3120000 | R66: =MAX(M66,P66) -> 9825527 | S66: =AVERAGE(M66,P66) -> 6472763.5 | T66: =+S66 -> 6472763.5 | U66: =ROUND(T66/G66,2) -> 1618190.9 | V66: =+U66*H66 -> 1618190.9
B67: 76 | C67: A-02-02-02-009-003 | D67: ANEXO No. 07 | E67: Actividades de relajación:spa laboral aromaterapia. | F67: HASTA 150 PAX 4 HORAS | G67: 4 | H67: 1 | I67: =+G67-H67 -> 3 | J67: =+I67/G67 -> 0.75 | K67: 4200000 | L67: 0 | M67: 16800000 | N67: 284784 | P67: 284784 | Q67: =MIN(M67,P67) -> 284784 | R67: =MAX(M67,P67) -> 16800000 | S67: =AVERAGE(M67,P67) -> 8542392 | T67: =+S67 -> 8542392 | U67: =ROUND(T67/G67,2) -> 2135598 | V67: =+U67*H67 -> 2135598
B68: 77 | C68: A-02-02-02-009-003 | D68: ANEXO No. 07 | E68: Circuito de Neuroestimulación. Incluye: un masajeador de pies, una masajeador de cuellos y un cojín masajeador de espalda | F68: HASTA 360 PAX 4 HORAS | G68: 4 | H68: 1 | I68: =+G68-H68 -> 3 | J68: =+I68/G68 -> 0.75 | K68: 780000 | L68: 0 | M68: 3120000 | N68: 29651054 | P68: 29651054 | Q68: =MIN(M68,P68) -> 3120000 | R68: =MAX(M68,P68) -> 29651054 | S68: =AVERAGE(M68,P68) -> 16385527 | T68: =+S68 -> 16385527 | U68: =ROUND(T68/G68,2) -> 4096381.8 | V68: =+U68*H68 -> 4096381.8
B69: 78 | C69: A-02-02-02-009-003 | D69: ANEXO No. 07 | E69: Jornada lúdica de vacunación :" Ambientes laborales saludables, Buen trato y gestion del cambio " | F69: HASTA 360 PAX 4 HORAS | G69: 4 | H69: 1 | I69: =+G69-H69 -> 3 | J69: =+I69/G69 -> 0.75 | K69: 900000 | L69: 0 | M69: 3600000 | N69: 25964146 | P69: 25964146 | Q69: =MIN(M69,P69) -> 3600000 | R69: =MAX(M69,P69) -> 25964146 | S69: =AVERAGE(M69,P69) -> 14782073 | T69: =+S69 -> 14782073 | U69: =ROUND(T69/G69,2) -> 3695518.2 | V69: =+U69*H69 -> 3695518.2
B70: 79 | C70: A-02-02-02-009-006 | D70: ANEXO No. 07 | E70: Actividad familiar lúdica y recreativa | F70: HASTA 100 PAX 4 HORAS | G70: 1 | H70: 1 | I70: =+G70-H70 -> 0 | J70: =+I70/G70 -> 0 | K70: 8705400 | L70: =+K70*19% -> 1654026 | M70: =+K70+L70 -> 10359426 | N70: 94493.277 | O70: =+N70*19% -> 17953.723 | P70: 11244700 | Q70: =MIN(M70,P70) -> 10359426 | R70: =MAX(M70,P70) -> 11244700 | S70: =AVERAGE(M70,P70) -> 10802063 | T70: =+S70 -> 10802063 | U70: =ROUND(T70/G70,2) -> 10802063 | V70: =+U70*H70 -> 10802063
B71: 80 | C71: A-02-02-02-009-006 | D71: ANEXO No. 07 | E71: Entrega de incentivos servidores publicos(asignación puntos) NOTA: CADA PUNTO EQUIVALE A 100 PESOS. | F71: HASTA 360 PAX 1000 PUNTOS POR SERVIDOR | G71: 1000 | H71: 1000 | I71: =+G71-H71 -> 0 | J71: =+I71/G71 -> 0 | K71: 36000000 | L71: 0 | M71: =+K71 -> 36000000 | N71: 37696464 | P71: 37696464 | Q71: =MIN(M71,P71) -> 36000000 | R71: =MAX(M71,P71) -> 37696464 | S71: =AVERAGE(M71,P71) -> 36848232 | T71: =+Q71 -> 36000000 | U71: =+T71 -> 36000000 | V71: =+U71 -> 36000000
B72: 81 | C72: A-02-02-02-009-002 | D72: ANEXO No. 07 | E72: Taller de Fotografia creativa | F72: HASTA 360 PAX 4 HORAS | G72: 4 | H72: 3 | I72: =+G72-H72 -> 1 | J72: =+I72/G72 -> 0.25 | K72: 14863500 | L72: 0 | M72: =+K72 -> 14863500 | N72: 32017210 | P72: =+N72+O72 -> 32017210 | Q72: =MIN(M72,P72) -> 14863500 | R72: =MAX(M72,P72) -> 32017210 | S72: =AVERAGE(M72,P72) -> 23440355 | T72: =+S72 -> 23440355 | U72: =+ROUND(T72/G72,2) -> 5860088.8 | V72: =+U72*H72 -> 17580266
B73: 82 | C73: A-02-02-02-009-006 | D73: ANEXO No. 07 | E73: Realizar actividades promoción de entornos familiares protectores Taller la familia como primer espacio de cuidados. | F73: HASTA 60 PAX 2 HORAS 2 HORAS | G73: 2 | H73: 2 | I73: =+G73-H73 -> 0 | J73: =+I73/G73 -> 0 | K73: 802200 | L73: =+K73*19% -> 152418 | M73: =+K73+L73 -> 954618 | N73: 88444 | O73: =+N73*19% -> 16804.36 | P73: 6314901.6 | Q73: =MIN(M73,P73) -> 954618 | R73: =MAX(M73,P73) -> 6314901.6 | S73: =AVERAGE(M73,P73) -> 3634759.8 | T73: =+S73 -> 3634759.8 | U73: =ROUND(T73/G73,2) -> 1817379.9 | V73: =+U73*H73 -> 3634759.8
B74: 83 | C74: A-02-02-02-009-003 | D74: ANEXO No. 07 | E74: Kit familia Incluye: * Arco en madera * Lana * Cabezitas de icopor *Pegante * Caja | F74: HASTA 60 PAX | G74: 60 | H74: 6 | I74: =+G74-H74 -> 54 | J74: =+I74/G74 -> 0.9 | K74: 64974 | L74: 0 | M74: 3898440 | N74: 9140277.3 | P74: =+N74+O74 -> 9140277.3 | Q74: =MIN(M74,P74) -> 3898440 | R74: =MAX(M74,P74) -> 9140277.3 | S74: =AVERAGE(M74,P74) -> 6519358.7 | T74: =+S74 -> 6519358.7 | U74: =ROUND(T74/G74,2) -> 108655.98 | V74: =+U74*H74 -> 651935.88
B75: 84 | C75: A-02-02-02-009-006 | D75: ANEXO No. 07 | E75: Actividades grupal -Caminata ecologica (DOS AL AÑO CADA UNA DE 40 PAX) | F75: (DOS AL AÑO CADA UNA DE 40 PAX) 8 HORAS | G75: 8 | H75: 4 | I75: =+G75-H75 -> 4 | J75: =+I75/G75 -> 0.5 | K75: 32594530 | L75: =+K75*19% -> 6192960.6 | M75: =+K75+L75 -> 38787490 | N75: 33311471 | O75: =+N75*19% -> 6329179.4 | P75: 39640650 | Q75: =MIN(M75,P75) -> 38787490 | R75: =MAX(M75,P75) -> 39640650 | S75: =AVERAGE(M75,P75) -> 39214070 | T75: =+S75 -> 39214070 | U75: =ROUND(T75/G75,2) -> 4901758.8 | V75: =+U75*H75 -> 19607035
B76: 85 | C76: A-02-02-02-009-006 | D76: ANEXO No. 07 | E76: Programa de incentivos (asignacion púntos) NOTA: CADA PUNTO EQUIVALE A 100 PESOS. | F76: HASTA 360 PAX 500 PUNTOS POR SERVIDOR | G76: 500 | H76: 500 | I76: =+G76-H76 -> 0 | J76: =+I76/G76 -> 0 | K76: 18000000 | L76: 0 | M76: =+K76 -> 18000000 | N76: 37696464 | P76: 37696464 | Q76: =MIN(M76,P76) -> 18000000 | R76: =MAX(M76,P76) -> 37696464 | S76: =AVERAGE(M76,P76) -> 27848232 | T76: =+Q76 -> 18000000 | U76: =+T76 -> 18000000 | V76: =+U76 -> 18000000
B77: 86 | C77: A-02-02-02-009-002 | D77: ANEXO No. 07 | E77: Taller de manualidades navideñas con materiales | F77: HASTA 25 PAX 4 HORAS | G77: 4 | H77: 3 | I77: =+G77-H77 -> 1 | J77: =+I77/G77 -> 0.25 | K77: 8490900 | L77: 0 | M77: 8490900 | N77: 36555750 | P77: 36555750 | Q77: =MIN(M77,P77) -> 8490900 | R77: =MAX(M77,P77) -> 36555750 | S77: =AVERAGE(M77,P77) -> 22523325 | T77: =+S77 -> 22523325 | U77: =+ROUND(T77/G77,2) -> 5630831.2 | V77: =+U77*H77 -> 16892494
B78: 87 | C78: A-02-02-02-009-006 | D78: ANEXO No. 07 | E78: Actividad lúdica y recreativa (lúdico-formativo multi estación para realizar retos pos estaciones para trabajo desafíos, promoviendo así un aprendizaje experiencial) | F78: HASTA 360 PAX 4 HORAS | G78: 4 | H78: 2 | I78: =+G78-H78 -> 2 | J78: =+I78/G78 -> 0.5 | K78: 8554080 | L78: =+K78*19% -> 1625275.2 | M78: =+K78+L78 -> 10179355 | N78: 249910 | O78: =+N78*19% -> 47482.9 | P78: 1.0706144e+08 | Q78: =MIN(M78,P78) -> 10179355 | R78: =MAX(M78,P78) -> 1.0706144e+08 | S78: =AVERAGE(M78,P78) -> 58620400 | T78: =+S78 -> 58620400 | U78: =ROUND(T78/G78,2) -> 14655100 | V78: =+U78*H78 -> 29310200
B79: 88 | C79: A-02-02-02-009-002 | D79: ANEXO No. 07 | E79: Taller de cocina con ingresdientes | F79: HASTA 25 PAX 4 HORAS | G79: 4 | H79: 3 | I79: =+G79-H79 -> 1 | J79: =+I79/G79 -> 0.25 | K79: 8490900 | L79: 0 | M79: 8490900 | N79: 10345280 | P79: 10345280 | Q79: =MIN(M79,P79) -> 8490900 | R79: =MAX(M79,P79) -> 10345280 | S79: =AVERAGE(M79,P79) -> 9418090 | T79: =+S79 -> 9418090 | U79: =+ROUND(T79/G79,2) -> 2354522.5 | V79: =+U79*H79 -> 7063567.5
B80: 89 | C80: A-02-02-02-009-002 | D80: ANEXO No. 07 | E80: Taller manualidades con materiales (velas, pintura, jardineria etc) | F80: HASTA 80 PAX 4 HORAS | G80: 4 | H80: 3 | I80: =+G80-H80 -> 1 | J80: =+I80/G80 -> 0.25 | K80: 8490900 | L80: 0 | M80: 8490900 | N80: 9748200 | P80: 9748200 | Q80: =MIN(M80,P80) -> 8490900 | R80: =MAX(M80,P80) -> 9748200 | S80: =AVERAGE(M80,P80) -> 9119550 | T80: =+S80 -> 9119550 | U80: =+ROUND(T80/G80,2) -> 2279887.5 | V80: =+U80*H80 -> 6839662.5
B81: 90 | C81: A-02-02-02-009-006 | D81: ANEXO No. 07 | E81: Actividades lúdicas enfocadas a la preparacion del retiro asistido. | F81: HASTA 25 PAX 8 HORAS | G81: 8 | H81: 8 | I81: =+G81-H81 -> 0 | J81: =+I81/G81 -> 0 | K81: 7433880 | L81: =+K81*19% -> 1412437.2 | M81: =+K81+L81 -> 8846317.2 | N81: 3855820 | P81: 3855820 | Q81: =MIN(M81,P81) -> 3855820 | R81: =MAX(M81,P81) -> 8846317.2 | S81: =AVERAGE(M81,P81) -> 6351068.6 | T81: =+S81 -> 6351068.6 | U81: =ROUND(T81/G81,2) -> 793883.58 | V81: =+U81*H81 -> 6351068.6
B82: 91 | C82: A-02-02-02-009-006 | D82: ANEXO No. 07 | E82: Actividad puesto a puesto de sensibilización enfocada a la movilidad sostenible. | F82: HASTA 360 PAX 4 HORAS | G82: 4 | H82: 4 | I82: =+G82-H82 -> 0 | J82: =+I82/G82 -> 0 | K82: 1850400 | L82: =+K82*19% -> 351576 | M82: =+K82+L82 -> 2201976 | N82: 8256745.4 | O82: =+N82*19% -> 1568781.6 | P82: 9825527 | Q82: =MIN(M82,P82) -> 2201976 | R82: =MAX(M82,P82) -> 9825527 | S82: =AVERAGE(M82,P82) -> 6013751.5 | T82: =+S82 -> 6013751.5 | U82: =ROUND(T82/G82,2) -> 1503437.9 | V82: =+U82*H82 -> 6013751.5
B83: 92 | C83: A-02-02-02-009-006 | D83: ANEXO No. 07 | E83: Jornada de rumbaterapia | F83: HASTA 120 PAX 2 HORAS | G83: 2 | H83: 2 | I83: =+G83-H83 -> 0 | J83: =+I83/G83 -> 0 | K83: 1920960 | L83: =+K83*19% -> 364982.4 | M83: =+K83+L83 -> 2285942.4 | N83: 2797350 | O83: =+N83*19% -> 531496.5 | P83: 3328846.5 | Q83: =MIN(M83,P83) -> 2285942.4 | R83: =MAX(M83,P83) -> 3328846.5 | S83: =AVERAGE(M83,P83) -> 2807394.5 | T83: =+S83 -> 2807394.5 | U83: =ROUND(T83/G83,2) -> 1403697.2 | V83: =+U83*H83 -> 2807394.5
B84: 93 | C84: A-02-02-02-009-006 | D84: ANEXO No. 07 | E84: Jornadas de acondicionamiento físico integral y funcional | F84: HASTA 120 PAX 2 HORAS | G84: 2 | H84: 2 | I84: =+G84-H84 -> 0 | J84: =+I84/G84 -> 0 | K84: 1920960 | L84: =+K84*19% -> 364982.4 | M84: =+K84+L84 -> 2285942.4 | N84: 6862193.3 | O84: =+N84*19% -> 1303816.7 | P84: 8166010 | Q84: =MIN(M84,P84) -> 2285942.4 | R84: =MAX(M84,P84) -> 8166010 | S84: =AVERAGE(M84,P84) -> 5225976.2 | T84: =+S84 -> 5225976.2 | U84: =ROUND(T84/G84,2) -> 2612988.1 | V84: =+U84*H84 -> 5225976.2
B85: 94 | C85: A-02-02-02-009-006 | D85: ANEXO No. 07 | E85: ActIvidades Recreativas (lúdico-formativo multi estación para realizar retos pos estaciones para trabajo desafíos, promoviendo así un aprendizaje experiencial) | F85: HASTA 120 PAX 4 HORAS | G85: 4 | H85: 4 | I85: =+G85-H85 -> 0 | J85: =+I85/G85 -> 0 | K85: 5589024 | L85: =+K85*19% -> 1061914.6 | M85: =+K85+L85 -> 6650938.6 | N85: 30995 | O85: =+N85*19% -> 5889.05 | P85: 4426086 | Q85: =MIN(M85,P85) -> 4426086 | R85: =MAX(M85,P85) -> 6650938.6 | S85: =AVERAGE(M85,P85) -> 5538512.3 | T85: =+S85 -> 5538512.3 | U85: =ROUND(T85/G85,2) -> 1384628.1 | V85: =+U85*H85 -> 5538512.3
B86: 95 | C86: A-02-02-02-009-006 | D86: ANEXO No. 07 | E86: Torneo de bolos por dependencias | F86: HASTA 200 PAX 16 HORAS | G86: 16 | H86: 16 | I86: =+G86-H86 -> 0 | J86: =+I86/G86 -> 0 | K86: 16627268 | L86: =+K86*19% -> 3159181 | M86: =+K86+L86 -> 19786449 | N86: 31951370 | O86: =+N86*19% -> 6070760.3 | P86: 38022130 | Q86: =MIN(M86,P86) -> 19786449 | R86: =MAX(M86,P86) -> 38022130 | S86: =AVERAGE(M86,P86) -> 28904290 | T86: =+S86 -> 28904290 | U86: =ROUND(T86/G86,2) -> 1806518.1 | V86: =+U86*H86 -> 28904290
B87: 96 | C87: A-02-02-02-009-003 | D87: ANEXO No. 07 | E87: Actividad lúdica puestro a puesto de sensibilización salas amigas.(scket teatral) | F87: HASTA 150 PAX 4 HORAS | G87: 4 | H87: 1 | I87: =+G87-H87 -> 3 | J87: =+I87/G87 -> 0.75 | K87: 950000 | L87: 0 | M87: 3800000 | N87: 4128380.7 | P87: =+N87+O87 -> 4128380.7 | Q87: =MIN(M87,P87) -> 3800000 | R87: =MAX(M87,P87) -> 4128380.7 | S87: =AVERAGE(M87,P87) -> 3964190.3 | T87: =+S87 -> 3964190.3 | U87: =ROUND(T87/G87,2) -> 991047.58 | V87: =+U87*H87 -> 991047.58
B88: 97 | C88: A-02-02-02-009-006 | D88: ANEXO No. 07 | E88: Actividad cultural de integración enfocada a la sentido de pertenencia (obra de teatro) | F88: HASTA 360 PAX 2 HORAS | G88: 2 | H88: 1 | I88: =+G88-H88 -> 1 | J88: =+I88/G88 -> 0.5 | K88: 40304220 | L88: =+K88*19% -> 7657801.8 | M88: =+K88+L88 -> 47962022 | N88: 32355892 | O88: =+N88*19% -> 6147619.4 | P88: 38503511 | Q88: =MIN(M88,P88) -> 38503511 | R88: =MAX(M88,P88) -> 47962022 | S88: =AVERAGE(M88,P88) -> 43232766 | T88: =+S88 -> 43232766 | U88: =ROUND(T88/G88,2) -> 21616383 | V88: =+U88*H88 -> 21616383
B89: 98 | C89: A-02-02-02-009-006 | D89: ANEXO No. 07 | E89: Entrega de incentivos :ASIGNACIÓN PUNTOS: (6 PERSONAS) MEJORES FUNCIONARIOS 2000 PUNTOS *PAX GERENTE PÚBLICO (1 PERSONA)3000 PUNTOS GRUPOS DE TRABAJO (10 PERSONAS) 2000 PUNTOS POR PERSONA. GRUPOS DE CONOCIMIENTO Y LA INNOVACIÓN (10 PERSONAS) 1000 PUNTOS POR PERSONA. ATENCIÓN Y ORIENTACIÓN AL CIUDADANO (1 PERSONA)3000 PUNTOS. INCENTIVOS GESTORES DE BIENESTAR (10 PERSONAS) 2000 PUNTOS POR PERSONA. NOTA: CADA PUNTO EQUIVALE A 100 PESOS. | F89: HASTA 38 PAX PUNTOS (POR SERVIDOR) | G89: 68000 | H89: 68000 | I89: =+G89-H89 -> 0 | J89: =+I89/G89 -> 0 | K89: 6800000 | L89: 0 | M89: 6800000 | N89: 37696464 | P89: 37696464 | Q89: =MIN(M89,P89) -> 6800000 | R89: =MAX(M89,P89) -> 37696464 | S89: =AVERAGE(M89,P89) -> 22248232 | T89: =+Q89 -> 6800000 | U89: =+T89 -> 6800000 | V89: =+U89 -> 6800000
B90: 99 | C90: A-02-02-02-009-006 | D90: ANEXO No. 07 | E90: Actividad cultural de integración grupal. scket teatral | F90: HASTA 360 PAX 4 HORAS | G90: 4 | H90: 4 | I90: =+G90-H90 -> 0 | J90: =+I90/G90 -> 0 | K90: 60179057 | L90: =+K90*19% -> 11434021 | M90: =+K90+L90 -> 71613078 | N90: 4912773 | O90: =+N90*19% -> 933426.87 | P90: 5846199.9 | Q90: =MIN(M90,P90) -> 5846199.9 | R90: =MAX(M90,P90) -> 71613078 | S90: =AVERAGE(M90,P90) -> 38729639 | T90: =+S90 -> 38729639 | U90: =ROUND(T90/G90,2) -> 9682409.7 | V90: =+U90*H90 -> 38729639
B91: 100 | C91: A-02-02-02-009-006 | D91: ANEXO No. 07 | E91: Actividad cultural de integración grupal- tipo concurso | F91: HASTA 360 PAX 4 HORAS | G91: 4 | H91: 4 | I91: =+G91-H91 -> 0 | J91: =+I91/G91 -> 0 | K91: 60179057 | L91: =+K91*19% -> 11434021 | M91: =+K91+L91 -> 71613078 | N91: 65576.471 | O91: =+N91*19% -> 12459.529 | P91: 28092960 | Q91: =MIN(M91,P91) -> 28092960 | R91: =MAX(M91,P91) -> 71613078 | S91: =AVERAGE(M91,P91) -> 49853019 | T91: =+S91 -> 49853019 | U91: =ROUND(T91/G91,2) -> 12463255 | V91: =+U91*H91 -> 49853019
B92: 101 | C92: A-02-02-02-009-002 | D92: ANEXO No. 07 | E92: Actividad de formación lúdica puesto a puesto- concurso lúdico | F92: HASTA 150PAX 4 HORAS | G92: 4 | H92: 3 | I92: =+G92-H92 -> 1 | J92: =+I92/G92 -> 0.25 | K92: 7019078.4 | M92: 7019078.4 | N92: 16513491 | P92: =+N92 -> 16513491 | Q92: =MIN(M92,P92) -> 7019078.4 | R92: =MAX(M92,P92) -> 16513491 | S92: =AVERAGE(M92,P92) -> 11766285 | T92: =+S92 -> 11766285 | U92: =+ROUND(T92/G92,2) -> 2941571.1 | V92: =+U92*H92 -> 8824713.4
B93: 102 | C93: A-02-02-02-009-002 | D93: ANEXO No. 07 | E93: Taller ludico enfocado a fortalecer conceptos de las politicas de la entidad | F93: HASTA 150 PAX 4 HORAS | G93: 4 | H93: 3 | I93: =+G93-H93 -> 1 | J93: =+I93/G93 -> 0.25 | K93: 5260800 | L93: =+K93*19% -> 999552 | M93: =+K93+L93 -> 6260352 | N93: 176887.39 | P93: =+N93*150 -> 26533109 | Q93: =MIN(M93,P93) -> 6260352 | R93: =MAX(M93,P93) -> 26533109 | S93: =AVERAGE(M93,P93) -> 16396731 | T93: =+S93 -> 16396731 | U93: =+ROUND(T93/G93,2) -> 4099182.7 | V93: =+U93*H93 -> 12297548
B94: 103 | C94: A-02-02-02-009-002 | D94: ANEXO No. 07 | E94: Actividad de sensibilización puesto a puesto scket teatral | F94: HASTA 150 PAX 4 HORAS | G94: 4 | H94: 3 | I94: =+G94-H94 -> 1 | J94: =+I94/G94 -> 0.25 | K94: 7570418.4 | L94: =+K94*19% -> 1438379.5 | M94: =+K94+L94 -> 9008797.9 | N94: 19651054 | P94: 19651054 | Q94: =MIN(M94,P94) -> 9008797.9 | R94: =MAX(M94,P94) -> 19651054 | S94: =AVERAGE(M94,P94) -> 14329926 | T94: =+S94 -> 14329926 | U94: =+ROUND(T94/G94,2) -> 3582481.5 | V94: =+U94*H94 -> 10747444
B95: 104 | C95: A-02-02-02-009-006 | D95: ANEXO No. 07 | E95: Actividad cultural de integración grupal -tipo concurso | F95: HASTA 150 PAX 4 HORAS | G95: 4 | H95: 4 | I95: =+G95-H95 -> 0 | J95: =+I95/G95 -> 0 | K95: 28289520 | L95: =+K95*19% -> 5375008.8 | M95: =+K95+L95 -> 33664529 | N95: 65576.471 | O95: =+N95*19% -> 12459.529 | P95: 11705400 | Q95: =MIN(M95,P95) -> 11705400 | R95: =MAX(M95,P95) -> 33664529 | S95: =AVERAGE(M95,P95) -> 22684964 | T95: =+S95 -> 22684964 | U95: =ROUND(T95/G95,2) -> 5671241.1 | V95: =+U95*H95 -> 22684964
B96: 105 | C96: A-02-02-02-009-006 | D96: ANEXO No. 07 | E96: Actividad cultural puesto a puesto enfocada a promover la equidad en el entorno laboral. | F96: HASTA 360 PAX 4 HORAS | G96: 4 | H96: 4 | I96: =+G96-H96 -> 0 | J96: =+I96/G96 -> 0 | K96: 7020000 | L96: =+K96*19% -> 1333800 | M96: =+K96+L96 -> 8353800 | N96: 8256745.4 | O96: =+N96*19% -> 1568781.6 | P96: 9825527 | Q96: =MIN(M96,P96) -> 8353800 | R96: =MAX(M96,P96) -> 9825527 | S96: =AVERAGE(M96,P96) -> 9089663.5 | T96: =+S96 -> 9089663.5 | U96: =ROUND(T96/G96,2) -> 2272415.9 | V96: =+U96*H96 -> 9089663.5
B97: 106 | C97: A-02-02-02-009-006 | D97: ANEXO No. 07 | E97: Implementación plataforma de gestión de plan bienestar (Dominio exclusivo para cremil, para la administración del programa de incentivosy plan de bienestar). | F97: HASTA 360 PAX 1 PLATAFORMA | G97: 1 | H97: 1 | I97: =+G97-H97 -> 0 | J97: =+I97/G97 -> 0 | K97: 24000000 | L97: =+K97*19% -> 4560000 | M97: =+K97+L97 -> 28560000 | N97: 15730001 | P97: 15730001 | Q97: =MIN(M97,P97) -> 15730001 | R97: =MAX(M97,P97) -> 28560000 | S97: =AVERAGE(M97,P97) -> 22145000 | T97: =+S97 -> 22145000 | U97: =ROUND(T97/G97,2) -> 22145000 | V97: =+U97*H97 -> 22145000
B98: 107 | C98: A-02-02-02-009-006 | D98: ANEXO No. 07 | E98: Actividad ecologica de reforestación (DOS AL AÑO CADA UNA DE 40 PAX) | F98: HASTA 80 PAX 8 HORAS | G98: 8 | H98: 8 | I98: =+G98-H98 -> 0 | J98: =+I98/G98 -> 0 | K98: 11704800 | L98: =+K98*19% -> 2223912 | M98: =+K98+L98 -> 13928712 | N98: 641929.41 | O98: =+N98*19% -> 121966.59 | P98: 1527792 | Q98: =MIN(M98,P98) -> 1527792 | R98: =MAX(M98,P98) -> 13928712 | S98: =AVERAGE(M98,P98) -> 7728252 | T98: =+S98 -> 7728252 | U98: =ROUND(T98/G98,2) -> 966031.5 | V98: =+U98*H98 -> 7728252
B99: 108 | C99: A-02-02-02-009-006 | D99: ANEXO No. 07 | E99: Voluntariado institucional ( DOS AL AÑO) | F99: HASTA 40 PAX 8 HORAS | G99: 8 | H99: 6 | I99: =+G99-H99 -> 2 | J99: =+I99/G99 -> 0.25 | K99: 2335200 | L99: =+K99*19% -> 443688 | M99: =+K99+L99 -> 2778888 | N99: 65898620 | P99: 65898620 | Q99: =MIN(M99,P99) -> 2778888 | R99: =MAX(M99,P99) -> 65898620 | S99: =AVERAGE(M99,P99) -> 34338754 | T99: =+S99 -> 34338754 | U99: =ROUND(T99/G99,2) -> 4292344.3 | V99: =+U99*H99 -> 25754066
B100: 109 | C100: A-02-02-02-009-006 | D100: ANEXO No. 07 | E100: Actividad lúdica, cultural y de integración. (presentación teatral, cine, etc) | F100: HASTA 360 PAX 4 HORAS | G100: 4 | H100: 3 | I100: =+G100-H100 -> 1 | J100: =+I100/G100 -> 0.25 | K100: 79192800 | L100: =+K100*19% -> 15046632 | M100: =+K100+L100 -> 94239432 | N100: 16513491 | O100: =+N100*19% -> 3137563.2 | P100: 19651054 | Q100: =MIN(M100,P100) -> 19651054 | R100: =MAX(M100,P100) -> 94239432 | S100: =AVERAGE(M100,P100) -> 56945243 | T100: =+S100 -> 56945243 | U100: =ROUND(T100/G100,2) -> 14236311 | V100: =+U100*H100 -> 42708932
B101: TOTALES | K101: =SUM(K5:K100) -> 1.0082366e+09 | L101: =SUM(L5:L100) -> 1.2056157e+08 | M101: =SUM(M5:M100) -> 1.4222823e+09 | N101: =SUM(N5:N100) -> 1.38725e+09 | O101: =SUM(O5:O100) -> 79479642 | P101: =SUM(P5:P100) -> 1.6619872e+09 | U101: =SUM(U5:U100) -> 5.349116e+08 | V101: =SUM(V5:V100) -> 1.0412986e+09
B104: (*) | C104: No se cobra la plataforma, dado que estos cursos son mediados por tecnología.
